 Dungeon Crawl Stone Soup version 0.31-a0-544-gceb718ecc6 (webtiles) character file.

Game seed: 361933604062707138

746 LeprechaunX the Changeling (level 7, -4/47 HPs)
             Began as an Octopode Shapeshifter on Aug 15, 2023.
             Was an Initiate of Hepliaklqana.
             Slain by an ogre
             ... wielding a +0 giant club
              (25 damage)
             ... on level 5 of the Dungeon.
             The game lasted 00:05:01 (4145 turns).

LeprechaunX the Changeling (Octopode Shapeshifter)  Turns: 4145, Time: 00:05:01

Health: -4/47      AC:  1    Str: 14    XL:     7   Next: 77%
Magic:  7/7        EV: 14    Int: 10    God:    Hepliaklqana [......]
Gold:   186        SH:  0    Dex: 15    Spells: 6/6 levels left

rFire   + .          .
                       - Unarmed
rCold   . . .        (no shield)
rNeg    . . .        (helmet currently unavailable)
rPois   .            (no amulet)
rElec   .            i - ring of see invisible
rCorr   .            r - ring of protection from fire
SInv    +            (no ring)
Will    .....        (no ring)
Stlth   ++           (no ring)
HPRegen 0.27/turn    (no ring)
MPRegen 0.10/turn    (no ring)
                     (no ring)

%: no passive effects
@: beast-form
A: beast (slay +3), almost no armour, amphibious, 8 rings, camouflage 1,
gelatinous body 1, (nimble swimmer 1), tentacles
a: Begin Untransformation, Renounce Religion


You were on level 5 of the Dungeon.
You worshipped Hepliaklqana.
Hepliaklqana was noncommittal.
You were a hulking beast.
You visited 2 branches of the dungeon, and saw 6 of its levels.

You collected 210 gold pieces.
You spent 24 gold pieces at shops.

Inventory:

Missiles
 e - 4 javelins (quivered)
Jewellery
 i - a ring of see invisible (left tentacle)
 r - a ring of protection from fire (right tentacle)
Talismans
 b - a beast talisman (active)
 c - a flux talisman
 p - a maw talisman
 q - a serpent talisman
Wands
 t - a wand of flame (23)
Scrolls
 d - 2 scrolls of fear
 f - a scroll of immolation {unknown}
 l - a scroll of enchant weapon {unknown}
 m - a scroll of blinking {unknown}
 o - 2 scrolls of teleportation {unknown}
 s - a scroll of enchant armour {unknown}
 u - a scroll of vulnerability {unknown}
 w - a scroll of fog {unknown}
 x - 2 scrolls of poison
Potions
 a - a potion of curing {unknown}
 g - a potion of resistance {unknown}
 j - a potion of might {unknown}
 k - a potion of enlightenment {unknown}
 n - 3 potions of mutation {unknown}
 v - a potion of brilliance {unknown}


   Skills:
 + Level 3.7 Fighting
 + Level 4.1 Dodging
 + Level 4.7 Unarmed Combat
 * Level 5.3 Shapeshifting


You had 6 spell levels left.
You didn't know any spells.
Your spell library contained the following spells:

 Spells                   Type           Power      Damage    Failure   Level
 Kiss of Death            Conj/Necr      0%         2d5       36%         1
 Shock                    Conj/Air       0%         1d3       36%         1
 Confusing Touch          Hex            0%         N/A       75%         3
 Gell's Gravitas          Tloc           0%         N/A       75%         3
 Portal Projectile        Hex/Tloc       0%         N/A       75%         3
 Swiftness                Air            0%         N/A       75%         3
 Teleport Other           Tloc           0%         N/A       75%         3
 Tukima's Dance           Hex            0%         N/A       75%         3
 Airstrike                Air            0%         2d(0-16)  98%         4
 Dispel Undead            Necr           0%         3d6       98%         4
 Iskenderun's Mystic Bla  Conj/Tloc      0%         2d3       98%         4
 Passage of Golubria      Tloc           0%         N/A       98%         4
 Yara's Violent Unravell  Hex/Tmut       0%         3d3       100%        5
 Dispersal                Tloc           0%         N/A       100%        6


Dungeon Overview and Level Annotations

Branches:
Dungeon (5/15)             Temple (1/1) D:4

Altars:
Ashenzari
Cheibriados
Dithmenos
Elyvilon
Fedhas
Hepliaklqana
Kikubaaqudgha
Makhleb
Okawaru
Qazlal
Ru
Trog
Uskayaw
Vehumet
Wu Jian
Xom
Yredelemnul
Zin
The Shining One

Shops:
D:5 ?


Innate Abilities, Weirdness & Mutations

You are a hulking beast.
Your limbs bulge with bestial killing power. (Slay +3)
You cannot wear most types of armour.
You are amphibious.
You can wear up to eight rings at the same time.
Your skin changes colour to match your surroundings (Stealth+).
Your rubbery body absorbs attacks. (AC +1, EV +1)
((You are camouflaged when in or above water. (Stealth+)))
You have tentacles for arms and can constrict up to eight enemies at once.


Message History

You constrict the scorpion. The scorpion stings you.
You tentacle-slap the scorpion.
You kill the scorpion!
No target in view!
No target in view!
You now have 172 gold pieces (gained 17).
You now have 186 gold pieces (gained 14).
x - 2 scrolls of poison (gained 1)
Things that are here:
a +0 whip; a +0 ring mail An ogre and a jackal come into view.
Found an escape hatch in the floor.
The ogre shouts!
The jackal barks!
A jackal comes into view.
The jackal barks!
There are monsters nearby!
There are monsters nearby!
There are monsters nearby!
You swing at nothing.
You swing at nothing.
You swing at nothing.
The jackal bites you.
You tentacle-slap the jackal but do no damage.
Your grab misses the jackal. The jackal closely misses you.
You bludgeon the jackal!
You kill the jackal!
You bludgeon the jackal!
You kill the jackal!
You barely miss the ogre. The ogre hits you with a +0 giant club!
You tentacle-slap the ogre.
The ogre is lightly wounded.
You bludgeon the ogre!
The ogre is heavily wounded.
The ogre hits you with a +0 giant club!
You tentacle-slap the ogre. Your squeeze misses the ogre.
The ogre is heavily wounded.
You tentacle-slap the ogre. You squeeze the ogre, but do no damage.
The ogre is severely wounded.
The ogre hits you with a +0 giant club!!
Ouch! That really hurt!
You die...

#### #....##.......#
...#####)###...>)..#
#..#..............#
##.....#...#.......#
.........#.........######
#######...#....###......#
#...####.## ......#
#.........##......#
#.###.....hO......# #.#
##.#####......# # #.
......# ## ......#
......# ..O.... .......
.>.h...


You could see an ogre.

Vanquished Creatures
  Sigmund (D:4)
  Menkaure (D:4)
  Blork the orc (D:4)
  2 scorpions (D:5)
  2 hounds (D:5)
  2 jellies
  An iguana (D:4)
  5 adders
  A shadow imp (D:5)
  2 worms
  A dart slug (D:4)
  6 orcs
  3 ball pythons
  8 endoplasms
  A giant cockroach (D:2)
  4 hobgoblins
  2 jackals (D:5)
  6 quokkas
  3 bats
  14 frilled lizards
  9 goblins
  2 kobolds
  3 rats
80 creatures vanquished.

Notes
Turn   | Place    | Note
-------+----------+-------------------------------------------
     0 | D:1      | LeprechaunX the Octopode Shapeshifter began the quest for
                  | the Orb.
     0 | D:1      | Reached XP level 1. HP: 13/13 MP: 1/1
   268 | D:1      | Found a faded altar of an unknown god.
   523 | D:1      | Reached XP level 2. HP: 8/18 MP: 2/2
  1058 | D:2      | Reached XP level 3. HP: 22/23 MP: 3/3
  1561 | D:2      | Reached XP level 4. HP: 29/29 MP: 4/4
  2164 | D:3      | Found a blossoming altar of Fedhas.
  2227 | D:3      | Reached XP level 5. HP: 27/34 MP: 5/5
  2526 | D:4      | Noticed Sigmund
  2545 | D:4      | Killed Sigmund
  2546 | D:4      | Reached skill level 4 in Shapeshifting
  2546 | D:4      | Reached XP level 6. HP: 29/41 MP: 6/6
  2747 | D:4      | Noticed Menkaure
  2786 | D:4      | Killed Menkaure
  2787 | D:4      | Reached XP level 7. HP: 6/46 MP: 7/7
  3241 | D:4      | Noticed Blork the orc
  3250 | D:4      | Killed Blork the orc
  3387 | D:4      | Found a hide-covered altar of Uskayaw.
  3447 | D:4      | Reached skill level 5 in Shapeshifting
  3534 | D:4      | Found a staircase to the Ecumenical Temple.
  3668 | Temple   | Entered the Ecumenical Temple
  3738 | Temple   | Became a worshipper of Hepliaklqana the Forgotten
  3826 | D:5      | Entered Level 5 of the Dungeon
  3832 | D:5      | Found Naarosh's Magic Scroll Shoppe.
  3886 | D:5      | Bought a scroll of identify for 24 gold pieces
  4145 | D:5      | Slain by an ogre

Illustrated notes

Levels and vault maps discovered:
D:1:      dpeg_arrival_court, layout_basic, shapermc_ecumenical_altar_pompeii
D:2:      kennysheep_big_flooded_room, layout_basic, minmay_lizard_king
D:3:      layout_rooms, mainiacjoe_overflow_catwalk
D:4:      layout_loops_ring, mainiacjoe_overflow_small_starburst,
          temple_doors_e, uniq_sigmund, uniq_menkaure, uniq_blork_the_orc
D:5:      layout_rooms, serial_shops, nicolae_lakefront_shop, uniq_pikel
Temple:   minmay_temple_bridge_d

Skill      XL: |  1  2  3  4  5  6  7 |
---------------+----------------------+-----
Fighting       | 2 3 |  3.7
Dodging        | 3 4 |  4.1
Unarmed Combat | 4 |  4.7
Shapeshifting  | 4 5 |  5.3

Action                     |  1- 3 |  4- 6 |  7- 9 || total
---------------------------+-------+-------+-------++-------
  Melee: Unarmed           |    57 |    62 |    46 ||   165
         Constrict         |    12 |    12 |    10 ||    34
         Tentacles         |    11 |    15 |    12 ||    38
         Punch             |     2 |     2 |     2 ||     6
  Throw: Javelin           |       |     4 |       ||     4
    Use: Potion            |       |     1 |       ||     1
         Scroll            |       |       |     2 ||     2
   Stab: Sleeping          |     5 |     2 |     1 ||     8
 Armour: Skin              |     2 |     1 |       ||     3
  Dodge: Dodged            |    20 |    24 |    21 ||    65

Table legend: (Time is in decaauts)
 A = Elapsed time spent in this place.
 B = Non-inter-level travel time spent in this place.
 C = Inter-level travel time spent in this place.
 D = Time resting spent in this place.
 E = Time spent auto-exploring this place.
 F = Levels seen in this place.
 G = Mean time per level.
                   A        B        C        D        E       F      G
               +--------+--------+--------+--------+--------+-----+--------+
         Total |   4133 |   3700 |    433 |    375 |   2783 |   6 |  688.8 |
       Dungeon |   3992 |   3698 |    294 |    375 |   2783 |   5 |  798.4 |
        Temple |    140 |      1 |    139 |      0 |      0 |   1 |  140.0 |
               +--------+--------+--------+--------+--------+-----+--------+

Top non-repeatable levels by time:
     D:4: 1163 daAuts
     D:2: 1060 daAuts
     D:1: 843 daAuts
     D:3: 608 daAuts
     D:5: 316 daAuts
  Temple: 140 daAuts
